 Dungeon Crawl Stone Soup version 0.29.0-4-gdea44cf6ec (webtiles) character file.

Game seed: 11735328256236496939

4840 qw the Cleaver (level 10, 0/79 HPs)
             Began as a Demonspawn Cinder Acolyte on Sept 9, 2022.
             Was an Initiate of Okawaru.
             Slain by an orc warrior
             ... wielding a +0 flail
              (9 damage)
             ... on level 9 of the Dungeon.
             The game lasted 00:03:25 (10104 turns).

qw the Cleaver (Demonspawn Cinder Acolyte)         Turns: 10104, Time: 00:03:26

Health: 0/79       AC: 24    Str: 19    XL:     10   Next: 25%
Magic:  11/11      EV:  5    Int: 16    God:    Okawaru [......]
Gold:   293        SH: 10    Dex:  8    Spells: 11/11 levels left

rFire   . . .      SeeInvis +   Y - +1 war axe (protect)
rCold   + . .      Faith    .   o - +0 buckler
rNeg    . . .      Spirit   .   g - +0 plate armour
rPois   .          Reflect  .   k - +1 hat
rElec   .          Harm     .   (no cloak)
rCorr   .          Rampage  .   j - +2 pair of gloves
Will    .....                   m - +0 pair of boots
Stlth   ..........              (no amulet)
HPRegen 0.23/turn               c - ring of see invisible
MPRegen 0.12/turn               h - ring of protection from cold

@: lethally poisoned (0 -> -9), about to teleport, marked, under a protective
aura, slowed, fire susceptible, very slow
A: large bone plates 2, ignite blood 1, powered by death 1, weakness stinger 1
a: Renounce Religion


You were on level 9 of the Dungeon.
You worshipped Okawaru.
Okawaru was noncommittal.
You visited 1 branch of the dungeon, and saw 9 of its levels.

You collected 524 gold pieces.
You spent 231 gold pieces at shops.


Innate Abilities, Weirdness & Mutations

You are mostly covered in large bone plates. (SH +6)
Your demonic aura sometimes causes spilled blood to erupt in flames.
You regenerate a little health from kills.
You have a small tail.


   Skills:
 - Level 7.4 Fighting
 + Level 10.8 Axes
 - Level 1.1 Throwing
 - Level 5.1 Armour
 - Level 1.3 Dodging
 - Level 3.1 Shields
 - Level 1.0 Spellcasting
 - Level 2.6 Fire Magic


You had 11 spell levels left.
You didn't know any spells.
Your spell library contained the following spells:

 Spells                   Type           Power      Damage    Failure   Level
 Scorch                   Fire           18%        2d6       99%         2

Inventory:

Hand Weapons
 a - a -1 hand axe of flaming
 Y - a +1 war axe of protection (weapon)
Armour
 g - a +0 plate armour (worn)
 j - a +2 pair of gloves (worn)
 k - a +1 hat (worn)
 m - a +0 pair of boots (worn)
 o - a +0 buckler (worn)
Jewellery
 c - a ring of see invisible (left hand)
 h - a ring of protection from cold (right hand)
Scrolls
 l - a scroll of identify
Potions
 b - a potion of heal wounds
 e - a potion of mutation
 f - 7 potions of curing
 i - 2 potions of might

Dungeon Overview and Level Annotations

Branches:
Dungeon (9/15)             Temple (0/1) D:6
   Lair: D:8-11         Orc: D:9-12

Altars:
Ashenzari
Gozag
Hepliaklqana
Makhleb
Nemelex Xobeh
Okawaru
Qazlal
Ru
Uskayaw
Vehumet

Shops:
D:2 (   D:3 !   D:5 :

Annotations:
D:5 2 transporters, qw's ghost, novice GrFi
D:9 Grum


Message History

You barely miss the orc warrior. You closely miss the wolf.
You feel yourself speed up. You block the wolf's attack. The hornet stings you!
You are poisoned.
You feel yourself slow down. The wolf bites you but does no damage.
The orc warrior hits you with a +0 flail!
Grum lets out an intimidating howl.
The hornet stings you!
You are more poisoned.
You feel as though you will be slow longer.
The wolf bites you but does no damage.
You closely miss the hornet.
The hornet is severely wounded.
You slash the wolf! You closely miss the orc warrior.
You feel extremely sick. You block the wolf's attack.
You block the hornet's attack. You block the orc warrior's attack.
A yak comes into view.
The orc priest looks braver for a moment.
The wolf bites you but does no damage.
The hornet stings you but does no damage.
The orc warrior closely misses you. Grum hits you but does no damage.
The yak moves out of view.
You hit the hornet.
The hornet is almost dead.
You miss the wolf. You hit the orc warrior.
You feel very sick. The wolf bites you. You block the hornet's attack.
The wolf bites you but does no damage. The hornet completely misses you.
The orc warrior hits you with a +0 flail.
Grum hits you but does no damage.
10104 ||| READING scroll of teleportation.
As you read the scroll of teleportation, it crumbles to dust.
You feel strangely unstable.
You feel very sick. The wolf bites you but does no damage.
The hornet stings you.
You feel as though you will be slow longer.
You block the wolf's attack.
The orc warrior hits you with a +0 flail!
You die...

...............
h..............
..............
#............
#Yh......:..
.gYo.......
......
#yho......
...... #@o#
..... ......
#..# #...
...... ##.# #..
.... # #.#
#.##.. #. #.#
#...# #.. ##.#
##.<# #..#
##..# #..##
#..###..##
##.## #.....##
##..#


You could see Grum, 2 yaks, a hornet, an orc warrior, 2 wolves, an orc priest
and an orc.

Vanquished Creatures
  Erica (D:8)
  A manticore (D:8)
  Maggie (D:7)
  A hornet (D:8)
  Eustachio (D:6)
  A steam dragon (D:3)
  Edmund (D:5)
  2 black bears
  An orc warrior (D:6)
  3 sky beasts
  2 ice beasts
  2 centaurs
  3 phantoms
  5 bullfrogs
  A necrophage (D:5)
  A scorpion (D:4)
  2 gnoll sergeants
  8 wights
  A howler monkey (D:6)
  7 hounds
  2 jellies
  An orc priest (D:3)
  A gnoll bouda (D:4)
  Jessica (D:2)
  2 iguanas
  3 orc wizards
  5 adders
  21 gnolls
  A white imp (D:8)
  A shadow imp (D:7)
  An ufetubus (D:7)
  5 worms
  2 dart slugs
  18 orcs
  8 endoplasms
  4 giant cockroaches
  11 goblins
  10 hobgoblins
  2 jackals (D:4)
  6 quokkas
  8 ball pythons
  4 bats
  4 frilled lizards
  5 kobolds
  5 rats
176 creatures vanquished.

Vanquished Creatures (others)
  6 plants (D:5)
6 creatures vanquished.

Grand Total: 182 creatures vanquished

Notes
Turn   | Place    | Note
-------+----------+-------------------------------------------
     0 | D:1      | qw the Demonspawn Cinder Acolyte began the quest for the
                  | Orb.
     0 | D:1      | Reached XP level 1. HP: 18/18 MP: 2/2
     0 | D:1      | 0 ||| qw: Version: 0.1-a-113-g051387a
     0 | D:1      | 0 ||| qw: Game counter: 7341
     0 | D:1      | 0 ||| qw: Always use a shield: true
     0 | D:1      | 0 ||| qw: God list: Okawaru
     0 | D:1      | 0 ||| qw: Allow faded altars: false
     0 | D:1      | 0 ||| qw: Do Orc after D:15 true
     0 | D:1      | 0 ||| qw: Do second Lair branch before Depths: true
     0 | D:1      | 0 ||| qw: Lair rune preference: random
     0 | D:1      | 0 ||| qw: Plans: Normal
     0 | D:1      | 0 ||| PLANNING D:1-11
   146 | D:1      | Reached skill level 3 in Axes
   256 | D:1      | Found a faded altar of an unknown god.
   289 | D:1      | Gained mutation: You have a small tail. [demonic ancestry]
   289 | D:1      | Reached XP level 2. HP: 20/24 MP: 3/3
   495 | D:1      | 495 ||| INVOKING Fiery Armour.
   662 | D:1      | You fall into a shaft and drop 1 floor!
   696 | D:2      | 696 ||| Stepping ~*~*~tactically~*~*~ (stealth).
   698 | D:2      | 698 ||| Stepping ~*~*~tactically~*~*~ (stealth).
   707 | D:2      | Reached XP level 3. HP: 17/29 MP: 4/4
   711 | D:2      | 711 ||| INVOKING Fiery Armour.
   716 | D:2      | Reached skill level 4 in Axes
   728 | D:2      | 728 ||| Stepping ~*~*~tactically~*~*~ (stealth).
   764 | D:2      | 764 ||| Stepping ~*~*~tactically~*~*~ (stealth).
   765 | D:2      | 765 ||| Stepping ~*~*~tactically~*~*~ (stealth).
   766 | D:2      | 766 ||| Stepping ~*~*~tactically~*~*~ (stealth).
   905 | D:2      | Reached skill level 1 in Dodging
   909 | D:2      | 909 ||| INVOKING Fiery Armour.
  1132 | D:2      | Found Iremeho's Antique Weapon Boutique.
  1141 | D:2      | 1141 ||| SHOPLISTING crystal broad axe (198 gold, have 88).
  1141 | D:2      | 1141 ||| BUYING war axe (77 gold).
  1141 | D:2      | Bought a war axe for 77 gold pieces
  1141 | D:2      | 1141 ||| SWAPPING to +0 war axe.
  1156 | D:2      | Gained mutation: You are partially covered in large bone
                  | plates. (SH +4) [demonic ancestry]
  1156 | D:2      | Reached XP level 4. HP: 28/35 MP: 5/5
  1243 | D:2      | Noticed Jessica
  1244 | D:2      | 1244 ||| Stepping ~*~*~tactically~*~*~ (hiding).
  1246 | D:2      | 1246 ||| Stepping ~*~*~tactically~*~*~ (hiding).
  1249 | D:2      | 1249 ||| Stepping ~*~*~tactically~*~*~ (stealth).
  1252 | D:2      | Killed Jessica
  1437 | D:2      | 1437 ||| UPGRADING to +0 leather armour.
  1447 | D:2      | 1447 ||| DROPPING +0 robe.
  1448 | D:2      | 1448 ||| UPGRADING to +0 pair of gloves.
  1453 | D:2      | 1453 ||| UPGRADING to ring of see invisible.
  1454 | D:2      | 1454 ||| DROPPING ring of magical power.
  1455 | D:2      | 1455 ||| READING 2 scrolls labelled CEKHLO GIAGAIFISK.
  1458 | D:2      | 1458 ||| READING scroll labelled ISYCLE YBUSMUY.
  2027 | D:1      | 2027 ||| UPGRADING to +0 ring mail.
  2037 | D:1      | 2037 ||| DROPPING +0 leather armour.
  2038 | D:1      | 2038 ||| READING scroll labelled YNUSUC ONOOR.
  2039 | D:1      | 2039 ||| READING scroll of teleportation.
  2144 | D:2      | 2144 ||| Stepping ~*~*~tactically~*~*~ (hiding).
  2458 | D:2      | 2458 ||| UPGRADING to ring of protection from cold.
  2459 | D:2      | 2459 ||| READING scroll labelled HYGRYL IXUEKI.
  2460 | D:2      | 2460 ||| READING scroll labelled TURCHU TUGRES.
  2492 | D:3      | 2492 ||| STAIRDANCE
  2552 | D:3      | 2552 ||| STAIRDANCE
  2563 | D:3      | Reached skill level 5 in Axes
  2563 | D:3      | Reached XP level 5. HP: 24/41 MP: 6/6
  2563 | D:3      | 2563 ||| STAIRDANCE
  2768 | D:3      | 2768 ||| Stepping ~*~*~tactically~*~*~ (stealth).
  2791 | D:3      | 2791 ||| Stepping ~*~*~tactically~*~*~ (hiding).
  2847 | D:3      | Found a sparkling altar of Nemelex Xobeh.
  2876 | D:3      | Noticed a steam dragon
  2881 | D:3      | Found Juredwog's Distillery.
  2888 | D:3      | 2888 ||| INVOKING Fiery Armour.
  2889 | D:3      | HP: 10/41 [steam dragon/ball of steam (1)]
  2890 | D:3      | Killed a steam dragon
  2890 | D:3      | HP: 3/41 [worm (7)]
  2891 | D:3      | Reached skill level 3 in Armour
  2891 | D:3      | Reached XP level 6. HP: 4/47 MP: 7/7
  3185 | D:3      | 3185 ||| BUYING 2 potions of might (88 gold).
  3185 | D:3      | Bought 2 potions of might for 88 gold pieces
  3185 | D:3      | 3185 ||| BUYING potion of curing (33 gold).
  3185 | D:3      | Bought a potion of curing for 33 gold pieces
  3185 | D:3      | 3185 ||| BUYING potion of curing (33 gold).
  3185 | D:3      | Bought a potion of curing for 33 gold pieces
  3185 | D:3      | 3185 ||| SHOPLISTING potion of curing (33 gold, have 20).
  3185 | D:3      | 3185 ||| SHOPLISTING potion of mutation (88 gold, have 20).
  3206 | D:3      | Found a sacrificial altar of Ru.
  3483 | D:3      | 3483 ||| Stepping ~*~*~tactically~*~*~ (hiding).
  3485 | D:3      | 3485 ||| Stepping ~*~*~tactically~*~*~ (hiding).
  3489 | D:3      | 3489 ||| INVOKING Fiery Armour.
  3884 | D:3      | Identified the +7 long sword of Orofyops {flame, Stlth+}
  3924 | D:3      | 3924 ||| READING scroll labelled PEGEWK ZOUNOE.
  3925 | D:3      | 3925 ||| DRINKING 2 purple potions.
  3945 | D:4      | 3945 ||| PLANNING OSSUARY
  3946 | D:4      | 3946 ||| INVOKING Fiery Armour.
  3967 | D:4      | Reached skill level 6 in Axes
  3968 | D:4      | HP: 9/47 [gnoll/+2 spear of flaming[a gnoll bouda] (4)]
  3969 | D:4      | 3969 ||| DRINKING potion of heal wounds.
  3982 | D:4      | Gained mutation: You are mostly covered in large bone
                  | plates. (SH +6) [demonic ancestry]
  3982 | D:4      | Reached XP level 7. HP: 27/53 MP: 8/8
  4186 | D:4      | 4186 ||| INVOKING Fiery Armour.
  4193 | D:4      | HP: 13/54 [poisoned by a scorpion]
  4481 | D:4      | 4481 ||| Stepping ~*~*~tactically~*~*~ (hiding).
  4482 | D:4      | 4482 ||| Stepping ~*~*~tactically~*~*~ (hiding).
  4483 | D:4      | 4483 ||| Stepping ~*~*~tactically~*~*~ (hiding).
  4492 | D:4      | 4492 ||| INVOKING Fiery Armour.
  4501 | D:4      | HP: 12/54 [gnoll/+0 spear[a gnoll sergeant] (3)]
  4637 | D:4      | 4637 ||| RIP OSSUARY
  4734 | D:4      | 4734 ||| PLANNING D:1-11
  4882 | D:4      | 4882 ||| Stepping ~*~*~tactically~*~*~ (stealth).
  4889 | D:4      | 4889 ||| Stepping ~*~*~tactically~*~*~ (stealth).
  4891 | D:4      | 4891 ||| Stepping ~*~*~tactically~*~*~ (hiding).
  4894 | D:4      | 4894 ||| Stepping ~*~*~tactically~*~*~ (hiding).
  4896 | D:4      | 4896 ||| Stepping ~*~*~tactically~*~*~ (hiding).
  5311 | D:4      | 5311 ||| UPGRADING to +0 scale mail.
  5321 | D:4      | 5321 ||| DROPPING +0 ring mail.
  5322 | D:4      | 5322 ||| UPGRADING to +0 pair of boots.
  5327 | D:4      | 5327 ||| UPGRADING to +0 buckler.
  5332 | D:4      | 5332 ||| READING scroll labelled REYZOI OTZACOM.
  5333 | D:4      | 5333 ||| DRINKING 2 metallic brown potions.
  5362 | D:4      | 5362 ||| READING 3 scrolls of identify.
  5362 | D:4      | 5362 ||| IDENTIFYING fizzy purple potion
  5363 | D:4      | 5363 ||| READING 2 scrolls of identify.
  5363 | D:4      | 5363 ||| IDENTIFYING yellow potion
  5364 | D:4      | 5364 ||| DROPPING potion of flight.
  5365 | D:4      | 5365 ||| DROPPING potion of lignification.
  5366 | D:4      | 5366 ||| DROPPING potion of invisibility.
  5379 | D:5      | Entered Level 5 of the Dungeon
  5457 | D:5      | Reached skill level 1 in Shields
  5471 | D:5      | Found Muydic's Book Shop.
  5572 | D:5      | Reached skill level 7 in Axes
  5572 | D:5      | Gained mutation: You regenerate a little health from kills.
                  | [demonic ancestry]
  5572 | D:5      | Reached XP level 8. HP: 60/60 MP: 9/9
  5596 | D:5      | Found a transporter.
  5597 | D:5      | Found a transporter.
  5724 | D:5      | Identified the +8 trident of the Bursted God {venom, +Blink
                  | rPois Will+}
  5724 | D:5      | Identified the +0 ring mail of Rotation {*Slow rPois Will++
                  | rCorr}
  5739 | D:5      | 5739 ||| DRINKING 5 potions of curing.
  5739 | D:5      | 5739 ||| (to cure confusion)
  5766 | D:5      | Noticed qw's ghost (novice GrFi)
  5799 | D:5      | 5799 ||| Stepping ~*~*~tactically~*~*~ (stealth).
  5800 | D:5      | 5800 ||| Stepping ~*~*~tactically~*~*~ (stealth).
  5814 | D:5      | Reached skill level 1 in Throwing
  5880 | D:5      | Noticed Edmund
  5896 | D:5      | 5896 ||| INVOKING Fiery Armour.
  5897 | D:5      | Killed Edmund
  6157 | D:5      | Reached skill level 8 in Axes
  6237 | D:5      | 6237 ||| Stepping ~*~*~tactically~*~*~ (hiding).
  6249 | D:5      | 6249 ||| INVOKING Fiery Armour.
  6253 | D:5      | HP: 14/59 [gnoll/+0 spear[a gnoll sergeant] (4)]
  6260 | D:5      | HP: 5/61 [gnoll/+0 spear[a gnoll sergeant] (4)]
  6561 | D:5      | Identified the ring "Alotos" {rPois rN+ Will+ rCorr Dex+6}
  6708 | D:5      | 6708 ||| READING scroll labelled SEOCKO ENGUPSI.
  6709 | D:5      | 6709 ||| READING scroll labelled PIEMAI JIDGHISH.
  6710 | D:5      | 6710 ||| READING scroll labelled XUASUB YDAPT.
  6757 | D:6      | 6757 ||| STAIRDANCE
  6802 | D:6      | Noticed Eustachio
  6844 | D:6      | 6844 ||| INVOKING Fiery Armour.
  6846 | D:6      | Killed Eustachio
  7072 | D:6      | 7072 ||| Stepping ~*~*~tactically~*~*~ (stealth).
  7073 | D:6      | 7073 ||| Stepping ~*~*~tactically~*~*~ (stealth).
  7083 | D:6      | 7083 ||| INVOKING Fiery Armour.
  7358 | D:6      | 7358 ||| READING scroll of enchant armour.
  7358 | D:6      | 7358 ||| ENCHANTING +0 pair of gloves.
  7384 | D:6      | 7384 ||| Stepping ~*~*~tactically~*~*~ (stealth).
  7392 | D:6      | Reached skill level 9 in Axes
  7395 | D:6      | Reached XP level 9. HP: 57/68 MP: 10/10
  7397 | D:6      | Reached skill level 3 in Shields
  7498 | D:6      | Found a staircase to the Ecumenical Temple.
  7532 | D:6      | Reached skill level 6 in Fighting
  7815 | D:6      | 7815 ||| UPGRADING to +0 plate armour.
  7825 | D:6      | 7825 ||| DROPPING +0 scale mail.
  7826 | D:6      | 7826 ||| UPGRADING to +1 hat.
  7831 | D:6      | 7831 ||| READING scroll labelled TEPITA BORUAPH.
  7832 | D:6      | 7832 ||| READING 3 scrolls of identify.
  7832 | D:6      | 7832 ||| IDENTIFYING grey potion
  7833 | D:6      | 7833 ||| READING 2 scrolls of identify.
  7833 | D:6      | 7833 ||| IDENTIFYING clear potion
  7834 | D:6      | 7834 ||| DROPPING potion of ambrosia.
  7893 | D:7      | 7893 ||| READING scroll of enchant armour.
  7893 | D:7      | 7893 ||| ENCHANTING +1 pair of gloves.
  8081 | D:7      | 8081 ||| Stepping ~*~*~tactically~*~*~ (hiding).
  8234 | D:7      | Found a radiant altar of Vehumet.
  8242 | D:7      | Found an opulent altar of Gozag.
  8246 | D:7      | Found a burning altar of Makhleb.
  8248 | D:7      | Found a hide-covered altar of Uskayaw.
  8253 | D:7      | Found a hazy altar of Hepliaklqana.
  8266 | D:7      | Noticed Maggie
  8267 | D:7      | 8267 ||| Stepping ~*~*~tactically~*~*~ (hiding).
  8283 | D:7      | Killed Maggie
  8372 | D:7      | Found an iron altar of Okawaru.
  8454 | D:7      | Found a stormy altar of Qazlal.
  8776 | D:7      | 8776 ||| DROPPING ring of wizardry.
  8777 | D:7      | 8777 ||| READING scroll labelled YXOLEI TOIXT.
  8778 | D:7      | 8778 ||| READING 2 scrolls of identify.
  8778 | D:7      | 8778 ||| IDENTIFYING dark potion
  8779 | D:7      | 8779 ||| DROPPING potion of degeneration.
  8824 | D:8      | Paralysed by a hornet for 2 turns
  8840 | D:8      | Reached skill level 10 in Axes
  9193 | D:8      | 9193 ||| Stepping ~*~*~tactically~*~*~ (hiding).
  9210 | D:8      | 9210 ||| Stepping ~*~*~tactically~*~*~ (stealth).
  9256 | D:8      | 9256 ||| Stepping ~*~*~tactically~*~*~ (hiding).
  9370 | D:8      | Noticed Erica
  9371 | D:8      | 9371 ||| INVOKING Fiery Armour.
  9378 | D:8      | Killed Erica
  9379 | D:8      | Gained mutation: Your demonic aura sometimes causes spilled
                  | blood to erupt in flames. [demonic ancestry]
  9379 | D:8      | Reached XP level 10. HP: 61/79 MP: 11/11
  9534 | D:8      | Noticed a manticore
  9540 | D:8      | Killed a manticore
  9888 | D:8      | 9888 ||| READING scroll labelled EPTI QEMOUPRAUG.
  9889 | D:8      | 9889 ||| READING 2 scrolls of identify.
  9889 | D:8      | 9889 ||| IDENTIFYING blue potion
  9890 | D:8      | 9890 ||| DROPPING potion of attraction.
  9947 | D:7      | Found a broken altar of Ashenzari.
  9953 | D:7      | 9953 ||| PLANNING CONVERSION TO OKAWARU
  9957 | D:7      | Fell from the grace of Ignis
  9957 | D:7      | Became a worshipper of Warmaster Okawaru
  9958 | D:7      | 9958 ||| PLANNING D:1-11
 10087 | D:9      | 10087 ||| Stepping ~*~*~tactically~*~*~ (stealth).
 10090 | D:9      | 10090 ||| Stepping ~*~*~tactically~*~*~ (hiding).
 10096 | D:9      | Noticed Grum
 10103 | D:9      | HP: 17/79 [poisoned by a hornet]
 10104 | D:9      | 10104 ||| READING scroll of teleportation.
 10104 | D:9      | Slain by an orc warrior

Levels and vault maps discovered:
D:1:      amcnicky_arrival_underground_garden, layout_basic,
          dilly_ecumenical_altar_fadedgnrine
D:2:      layout_rooms, serial_shops, shop, minmay_parallelograms,
          hangedman_decor_push, minmay_vboxes, uniq_jessica
D:3:      layout_basic, nemelex_xobeh_ov_fountains_minmay,
          nicolae_ru_sacrificial_ziggurat, serial_shops, nicolae_shop_stone,
          chequers_serial_rivers_room_b, kennysheep_orc_chapel
D:4:      layout_cave_pools, lightli_ossuary_entry_decrepit_ruins, st_stairs_6
D:5:      layout_loops_ring, gammafunk_ghost_gnarly_gnolls, serial_shops, shop,
          uniq_edmund
D:6:      layout_cave_pools, minmay_temple_entry_wispy, uniq_eustachio
D:7:      layout_loops_ring, nicolae_overflow_hallway_of_the_gods,
          nicolae_overflow_hidden_temple, uniq_maggie
D:8:      layout_basic, minmay_bent, uniq_erica
D:9:      layout_layer_cave, kiku_gazebo_pond_becter, uniq_grum

Skill      XL: |  1  2  3  4  5  6  7  8  9 |
---------------+----------------------------+-----
Axes           | 3 4 5 6 7 9 10 | 10.8
Dodging        | 1 |  1.3
Armour         | 3 5 |  5.1
Fighting       | 4 5 7 |  7.4
Shields        | 2 3 |  3.1
Throwing       | 1 |  1.1
Spellcasting   | |  1.0
Fire Magic     | |  2.6

Action                   |  1- 3 |  4- 6 |  7- 9 | 10-12 || total
-------------------------+-------+-------+-------+-------++-------
Melee: Hand axe          |    86 |       |       |       ||    86
       Punch             |     2 |       |       |       ||     2
       Tailslap          |     6 |    14 |    52 |     2 ||    74
       War axe           |     5 |   149 |   432 |    26 ||   612
Throw: Boomerang         |       |       |    30 |       ||    30
Invok: Fiery Armour      |     3 |     3 |     7 |       ||    13
  Use: Scroll            |       |     7 |    13 |     3 ||    23
       Potion            |       |     2 |     2 |       ||     4
Armor: Robe              |    13 |       |       |       ||    13
       Leather armour    |       |    14 |       |       ||    14
       Ring mail         |       |    52 |    28 |       ||    80
       Scale mail        |       |       |   104 |       ||   104
       Plate armour      |       |       |    92 |    31 ||   123
Dodge: Dodged            |    59 |    82 |   145 |     4 ||   290
Block: Other             |       |    28 |    14 |       ||    42
       Buckler           |       |       |   165 |    18 ||   183

Table legend:
 A = Non-vault XP
 B = Vault XP
 C = Vault XP percentage of total XP
 D = Non-vault monster count
 E = Vault monster count
 F = Vault count percentage of total count
                 A         B        C        D         E       F
            +---------+---------+-------+---------+---------+-------
      Total |    4133 |    2782 |  40.2 |     157 |      19 |  10.8
            +---------+---------+-------+---------+---------+-------
        D:1 |      38 |       0 |   0.0 |      25 |       0 |   0.0
        D:2 |      75 |      66 |  46.8 |      26 |       5 |  16.1
        D:3 |     299 |      79 |  20.9 |      13 |       3 |  18.8
        D:4 |     525 |      43 |   7.6 |      36 |       1 |   2.7
        D:5 |     941 |     157 |  14.3 |      21 |       1 |   4.5
        D:6 |     719 |     197 |  21.5 |      15 |       1 |   6.2
        D:7 |     733 |     379 |  34.1 |      10 |       1 |   9.1
        D:8 |     687 |    1861 |  73.0 |       8 |       7 |  46.7
        D:9 |     116 |       0 |   0.0 |       3 |       0 |   0.0
            +---------+---------+-------+---------+---------+-------
